 Dungeon Crawl Stone Soup version 0.29-a0-451-gfbfa42419e (webtiles) character file.

Game seed: 17597264191152434046

13784 zishaf the Dancer (level 12, -2/65 HPs)
             Began as a Vine Stalker Brigand on May 19, 2022.
             Was a Believer of Uskayaw.
             Slain by a meliai
             ... wielding a +0 hand axe
              (4 damage)
             ... on level 12 of the Dungeon.
             The game lasted 00:22:02 (9847 turns).

zishaf the Dancer (Vine Stalker Brigand)            Turns: 9847, Time: 00:22:04

Health: -2/65      AC: 19    Str: 19    XL:     12   Next: 9%
Magic:  0/32       EV: 11    Int: 11    God:    Uskayaw [**....]
Gold:   626        SH:  6    Dex: 20    Spells: 11/11 levels left

rFire   . . .      SeeInvis .   a - +3 dagger (protect)
rCold   . . .      Faith    .   D - +0 buckler
rNeg    . . .      Spirit   +   y - +0 acid dragon scales
rPois   .          Reflect  .   k - +0 helmet
rElec   .          Harm     .   c - +1 cloak
rCorr   +          Rampage  +   (no gloves)
Will    ++...                   m - +2 pair of boots {rampage}
Stlth   +++.......              i - amulet of regeneration
HPRegen 1.80/turn               j - ring of willpower
MPRegen 0.23/turn               z - ring "Bybb" {MP+9 Str+4}

@: lethally poisoned (-2 -> -5), about to teleport, under a protective aura
A: fangs 3, regeneration 1, magic shield, antimagic bite, no potion heal 2
a: Renounce Religion, Stomp, Line Pass


You were on level 12 of the Dungeon.
You worshipped Uskayaw.
Uskayaw was pleased with you.
You visited 2 branches of the dungeon, and saw 13 of its levels.

You collected 626 gold pieces.

Inventory:

Hand Weapons
 a - a +3 dagger of protection (weapon)
 b - a +2 hunting sling of flaming
 l - a +3 dagger
 B - a +0 dagger of electrocution
 E - a +4 short sword of freezing
Missiles
 d - 31 poisoned darts (quivered)
 e - 12 curare-tipped darts
 P - 5 boomerangs
Armour
 c - a +1 cloak (worn)
 k - a +0 helmet (worn)
 m - a +2 pair of boots of rampaging (worn)
 x - a +2 leather armour of positive energy
 y - +0 acid dragon scales (worn)
 D - a +0 buckler (worn)
Jewellery
 i - an amulet of regeneration (around neck)
 j - a ring of willpower (left hand)
 z - the ring "Bybb" (right hand) {MP+9 Str+4}
   (You found it on level 7 of the Dungeon)

   [ring of magical power]

   Str:       It affects your strength (+4).
   MP:        It affects your magic capacity (+9).
Wands
 h - a wand of charming (7)
 v - a wand of digging (4)
 C - a wand of acid (5)
 J - a wand of flame (14)
 N - a wand of iceblast (5)
Scrolls
 g - a scroll of enchant armour
 n - 4 scrolls of blinking
 t - 5 scrolls of teleportation
 F - a scroll of poison
 G - 2 scrolls of summoning {unknown}
 I - a scroll of noise {unknown}
 L - a scroll of magic mapping
 M - a scroll of fear {unknown}
Potions
 f - 7 potions of curing
 o - 3 potions of ambrosia {unknown}
 p - 2 potions of might
 q - 5 potions of haste
 r - 3 potions of resistance
 s - 3 potions of flight
 u - 3 potions of mutation
 w - 2 potions of magic
 A - a potion of brilliance
 H - a potion of cancellation
 O - a potion of berserk rage
Miscellaneous
 K - a tin of tremorstones (1/2)


   Skills:
 + Level 8.5 Fighting
 - Level 8.0 Short Blades
 - Level 3.0 Throwing
 - Level 0.7 Dodging
 - Level 6.0 Stealth
 + Level 3.7 Shields
 + Level 14.6 Invocations


You had 11 spell levels left.
You didn't know any spells.
Your spell library contained the following spells:

 Spells                   Type           Power      Damage    Failure   Level
 Foxfire                  Conj/Fire      0%         2x1d4     52%         1
 Blink                    Tloc           0%         N/A       67%         2
 Ensorcelled Hibernation  Hex/Ice        0%         N/A       67%         2
 Passwall                 Tmut/Erth      0%         N/A       67%         2
 Sublimation of Blood     Necr           0%         N/A       67%         2
 Conjure Flame            Conj/Fire      0%         6-21      88%         3
 Dazzling Flash           Conj/Hex       0%         N/A       88%         3
 Inner Flame              Hex/Fire       0%         N/A       88%         3
 Spider Form              Tmut/Pois      0%         N/A       88%         3
 Swiftness                Air            0%         N/A       88%         3
 Anguish                  Hex/Necr       0%         N/A       99%         4
 Corpse Rot               Necr/Pois/Air  0%         N/A       99%         4
 Dispel Undead            Necr           0%         3d6       99%         4
 Flame Wave               Conj/Fire      0%         2d4       99%         4
 Iskenderun's Mystic Bla  Conj/Tloc      0%         2d3       99%         4
 Petrify                  Tmut/Erth      0%         N/A       99%         4
 Irradiate                Conj/Tmut      0%         3d13      100%        5
 Manifold Assault         Tloc           0%         N/A       100%        5
 Death Channel            Necr           0%         N/A       100%        6
 Starburst                Conj/Fire      0%         6d3       100%        6
 Storm Form               Tmut/Air       0%         N/A       100%        7
 Chain Lightning          Conj/Air       0%         N/A       100%        9
 Fire Storm               Conj/Fire      0%         5d1       100%        9
 Shatter                  Erth           0%         3d5*      100%        9


Dungeon Overview and Level Annotations

Branches:
Dungeon (12/15)            Temple (1/1) D:4            Lair (0/6) D:11
    Orc: D:9-12

Altars:
Ashenzari
Dithmenos
Elyvilon
Fedhas
Kikubaaqudgha
Nemelex Xobeh
Okawaru
Qazlal
Trog
Uskayaw
Vehumet
Wu Jian
Yredelemnul
Zin

Shops:
D:8 (

Annotations:
D:5 1 runed translucent door


Innate Abilities, Weirdness & Mutations

You have razor-sharp teeth.
Your natural rate of healing is unusually fast.
When hurt, damage is shared between your health and your magic reserves.
Your bite disrupts and absorbs the magic of your enemies.
Potions cannot restore your health.


Message History

* * * LOW HITPOINT WARNING * * *
You block the meliai's attack.
As you read the scroll of teleportation, it crumbles to dust.
You feel strangely unstable.
You feel very sick. The meliai barely misses you.
The meliai completely misses you. The meliai hits you with a +0 hand axe!
* * * LOW HITPOINT WARNING * * *
The meliai stings you but does no damage.
The meliai hits you but does no damage.
The meliai stings you but does no damage.
You block the meliai's attack.
The meliai stings you but does no damage.
The meliai calls upon its god to heal the meliai.
The meliai is healed somewhat.
Your system rejects the healing.
You feel better. The meliai hits you with a +0 hand axe. The meliai stings you.
* * * LOW HITPOINT WARNING * * *
You are poisoned.
The meliai poisons you! The meliai hits you but does no damage.
The meliai stings you.
* * * LOW HITPOINT WARNING * * *
The meliai hits you with a +0 hand axe.
* * * LOW HITPOINT WARNING * * *
The meliai stings you but does no damage.
The meliai barely misses you.
The meliai stings you but does no damage.
The meliai invokes the aid of its god against you.
Something smites you!
* * * LOW HITPOINT WARNING * * *
You block the meliai's attack. The meliai stings you.
* * * LOW HITPOINT WARNING * * *
Your system rejects the healing.
You feel better. The meliai barely misses you. The meliai stings you.
* * * LOW HITPOINT WARNING * * *
You are lethally poisoned!
The meliai poisons you! You block the meliai's attack.
The meliai stings you but does no damage.
The meliai hits you with a +0 hand axe.
You die...

#.# #.....#. #.# #.†...#.
..# #.....#. ..# #.....##
#.# #.....# # #.# #.....#
#####.##.# ######.....#
.........####..........##
.......y@......##........
.......yy.##...##..###...
..........##...##..# #...
..........##...##..###...
......##..##...##........
.........................
#########################


You could see 3 meliai.

Vanquished Creatures
  Snorg (D:11)
  A boulder beetle (D:12)
  A two-headed ogre (D:11)
  Pikel (D:5)
  An ugly thing (D:11)
  A manticore (D:11)
  An oklob plant (D:11)
  Joseph (D:8)
  Maggie (D:6)
  Grinder (D:3)
  3 hornets
  Prince Ribbit (D:6)
  2 shadows
  2 wyverns
  14 yaks
  A vampire (D:11)
  3 steam dragons
  2 vampire mosquitoes (D:11)
  Menkaure (D:6)
  Edmund (D:5)
  2 water moccasins
  5 acid dragons
  4 orc warriors
  An ice beast (D:7)
  A black bear (D:6)
  3 ogres
  5 centaurs
  A lemure (D:5)
  A phantom (D:5)
  3 kobold brigands
  3 bullfrogs
  2 necrophages
  A gnoll sergeant (D:10)
  A scorpion (D:3)
  13 wights
  4 howler monkeys
  A jelly (D:7)
  6 orc priests
  3 hounds
  8 iguanas
  9 orc wizards
  The ghost of purpskrrrp the Sneak, a weakling TrDe (D:5)
  Robin (D:4)
  3 gnolls (D:10)
  16 adders
  A river rat (D:5)
  2 shadow imps
  A white imp (D:5)
  An ufetubus (D:4)
  6 worms
  A dart slug (D:4)
  33 orcs
  3 bats
  4 endoplasms
  2 giant cockroaches
  22 goblins
  10 hobgoblins
  3 jackals (D:4)
  21 kobolds
  4 quokkas
  8 ball pythons
  2 frilled lizards
  4 rats
266 creatures vanquished.

Vanquished Creatures (others)
  An orc (D:6)
1 creature vanquished.

Grand Total: 267 creatures vanquished

Notes
Turn   | Place    | Note
-------+----------+-------------------------------------------
     0 | D:1      | zishaf the Vine Stalker Brigand began the quest for the
                  | Orb.
     0 | D:1      | Reached XP level 1. HP: 11/11 MP: 2/2
   146 | D:1      | Reached skill level 5 in Stealth
   146 | D:1      | Reached XP level 2. HP: 14/15 MP: 3/3
  1186 | D:2      | Reached XP level 3. HP: 18/18 MP: 4/4
  1526 | D:2      | Gained mutation: Your natural rate of healing is unusually
                  | fast. [Vine Stalker growth]
  1526 | D:2      | Reached XP level 4. HP: 18/23 MP: 3/5
  2212 | D:3      | Noticed a scorpion
  2216 | D:3      | Killed a scorpion
  2217 | D:3      | Reached XP level 5. HP: 28/28 MP: 6/6
  2319 | D:2      | Reached XP level 6. HP: 30/32 MP: 7/7
  2526 | D:3      | Noticed Grinder
  2556 | D:3      | Killed Grinder
  2557 | D:3      | Reached XP level 7. HP: 32/38 MP: 8/8
  2696 | D:4      | Found a staircase to the Ecumenical Temple.
  2705 | Temple   | Entered the Ecumenical Temple
  2779 | Temple   | Became a worshipper of Uskayaw the Reveller
  2845 | D:4      | Reached * piety under Uskayaw
  2862 | D:4      | Reached ** piety under Uskayaw
  2890 | D:4      | Reached skill level 12 in Invocations
  2890 | D:4      | Gained mutation: You have razor-sharp teeth. [Vine Stalker
                  | growth]
  2890 | D:4      | Reached XP level 8. HP: 42/42 MP: 8/18
  3013 | D:4      | Reached *** piety under Uskayaw
  3390 | D:4      | Noticed Robin
  3412 | D:4      | Reached **** piety under Uskayaw
  3414 | D:4      | Killed Robin
  3571 | D:5      | Entered Level 5 of the Dungeon
  3649 | D:5      | Noticed Pikel
  3653 | D:5      | Killed Pikel
  3654 | D:5      | Reached XP level 9. HP: 46/46 MP: 19/19
  3901 | D:5      | Found a runed translucent door.
  4030 | D:5      | Reached skill level 5 in Fighting
  4152 | D:5      | Found a runed translucent door.
  4159 | D:5      | Noticed purpskrrrp's ghost (weakling TrDe)
  4201 | D:5      | Noticed Edmund
  4208 | D:5      | Reached skill level 5 in Short Blades
  4211 | D:5      | Killed Edmund
  4254 | D:5      | Reached ***** piety under Uskayaw
  4750 | D:5      | Killed purpskrrrp's ghost
  4941 | D:6      | Noticed Prince Ribbit
  4945 | D:6      | Killed Prince Ribbit
  4946 | D:6      | Reached skill level 13 in Invocations
  5118 | D:6      | Noticed Maggie
  5142 | D:6      | Reached XP level 10. HP: 50/53 MP: 17/20
  5146 | D:6      | Noticed Menkaure
  5147 | D:6      | Killed Maggie
  5154 | D:6      | Killed Menkaure
  6370 | D:7      | Identified the ring "Bybb" {MP+9 Str+4}
  6539 | D:8      | Found Xiepef's Weapon Boutique.
  6666 | D:8      | Noticed Joseph
  6675 | D:8      | Killed Joseph
  7015 | D:8      | Paralysed by a hornet for 2 turns
  7028 | D:8      | Paralysed by a hornet for 2 turns
  7241 | D:8      | Reached XP level 11. HP: 58/58 MP: 22/22
  7767 | D:9      | Reached skill level 14 in Invocations
  8162 | D:10     | Entered Level 10 of the Dungeon
  8394 | D:10     | Found an ornate altar of the Wu Jian Council.
  8740 | D:10     | Reached skill level 1 in Shields
  8804 | D:10     | Paralysed by a hornet for 3 turns
  9107 | D:11     | Noticed a two-headed ogre
  9124 | D:11     | Killed a two-headed ogre
  9234 | D:11     | Noticed an oklob plant
  9238 | D:11     | Found a staircase to the Lair.
  9243 | D:11     | Killed an oklob plant
  9266 | D:11     | Noticed Snorg
  9278 | D:11     | Killed Snorg
  9497 | D:11     | Noticed a manticore
  9501 | D:11     | Killed a manticore
  9551 | D:11     | Noticed a green ugly thing
  9567 | D:11     | Killed a green ugly thing
  9568 | D:11     | Reached XP level 12. HP: 65/65 MP: 23/23
  9792 | D:12     | Noticed a boulder beetle
  9801 | D:12     | Killed a boulder beetle
  9846 | D:12     | HP: 2/65 [meliai/divine providence (6)]
  9847 | D:12     | Slain by a meliai

Illustrated notes

Levels and vault maps discovered:
D:1:      dpeg_arrival_rooms_b, layout_basic, st_stairs_9
D:2:      layout_basic, minmay_unequal
D:3:      layout_basic, minmay_liquid_box, minmay_snake_closets, uniq_grinder
D:4:      minmay_angry_zag, layout_loops_ring, minmay_temple_entry_stoned_glass,
          uniq_robin
D:5:      layout_basic, ebering_ghost_sewer_f, kennysheep_generic_room_10,
          uniq_pikel, uniq_edmund
D:6:      layout_cave_pods, uniq_maggie, uniq_prince_ribbit1, uniq_menkaure
D:7:      layout_gridville
D:8:      layout_gridville, serial_shops, shop, uniq_joseph
D:9:      layout_irregular_city, minmay_variable_closet
D:10:     layout_gridville, nzn_wu_jian_contemplation
D:11:     layout_roguey, dpeg_oklobed_lair, uniq_snorg
D:12:     layout_stronghold, minmay_orc_entry_temple_small
Temple:   minmay_crystal_snake_temple

Skill      XL: |  1  2  3  4  5  6  7  8  9 10 11 |
---------------+----------------------------------+-----
Stealth        | 5 6 |  6.0
Fighting       | 2 3 4 5 7 8 |  8.5
Short Blades   | 2 3 4 5 6 8 |  8.0
Throwing       | 2 3 |  3.0
Invocations    | 12 13 14 | 14.6
Shields        | 3 |  3.7
Dodging        | |  0.7

Action                   |  1- 3 |  4- 6 |  7- 9 | 10-12 || total
-------------------------+-------+-------+-------+-------++-------
Melee: Dagger            |    84 |   150 |   257 |   462 ||   953
       Bite              |    18 |    46 |    98 |   176 ||   338
       Punch             |     1 |     1 |     3 |     5 ||    10
Invok: Grand Finale      |       |       |       |     1 ||     1
Evoke: Tin of tremorston |       |       |       |     1 ||     1
  Use: Scroll            |       |       |    18 |     6 ||    24
       Potion            |       |       |     1 |     3 ||     4
 Stab: Sleeping          |     6 |     7 |     9 |    15 ||    37
       Paralysed         |       |       |    10 |    33 ||    43
       Distracted        |       |       |     1 |     2 ||     3
Armor: Robe              |    20 |     7 |    29 |       ||    56
       Ring mail         |       |    29 |    51 |       ||    80
       Leather armour    |       |       |     6 |     1 ||     7
       Acid dragon scale |       |       |       |   195 ||   195
Dodge: Dodged            |    43 |    49 |   100 |   158 ||   350
Block: Buckler           |       |       |       |    31 ||    31

Table legend: (Time is in decaauts)
 A = Elapsed time spent in this place.
 B = Non-inter-level travel time spent in this place.
 C = Inter-level travel time spent in this place.
 D = Time resting spent in this place.
 E = Time spent auto-exploring this place.
 F = Levels seen in this place.
 G = Mean time per level.
                   A        B        C        D        E       F      G
               +--------+--------+--------+--------+--------+-----+--------+
         Total |   9617 |   9108 |    509 |    130 |   7075 |  13 |  739.8 |
       Dungeon |   9486 |   9033 |    453 |    130 |   7013 |  12 |  790.5 |
        Temple |    130 |     74 |     56 |      0 |     62 |   1 |  130.0 |
               +--------+--------+--------+--------+--------+-----+--------+

Top non-repeatable levels by time:
     D:1: 1180 daAuts
     D:5: 1165 daAuts
     D:8: 950 daAuts
     D:2: 942 daAuts
    D:10: 933 daAuts
     D:6: 828 daAuts
     D:7: 786 daAuts
     D:4: 772 daAuts
     D:9: 690 daAuts
    D:11: 595 daAuts
     D:3: 529 daAuts
  Temple: 130 daAuts
    D:12: 113 daAuts
